 Dungeon Crawl Stone Soup version 0.30.1-4-g462c640d31 (webtiles) character file.

Game seed: 3483716677022351999

149 Cheops the Caller (level 5, -3/38 HPs)
             Began as a Draconian Summoner on Sept 10, 2023.
             Slain by a gnoll
             ... wielding a +0 spear
              (7 damage)
             ... on level 3 of the Dungeon.
             The game lasted 00:10:00 (2740 turns).

Cheops the Caller (Draconian Summoner)              Turns: 2740, Time: 00:10:01

Health: -3/38      AC:  7    Str: 10    XL:     5   Next: 9%
Magic:  9/11       EV: 12    Int: 17    God:
Gold:   100        SH:  0    Dex: 12    Spells: 5/12 levels left

rFire   . . .        a - +0 dagger
rCold   . . .        (no shield)
rNeg    . . .        (body armour unavailable)
rPois   .            (helmet restricted)
rElec   .            b - +0 cloak
rCorr   .            j - +0 pair of gloves
SInv    .            (no boots)
Will    .....        e - amulet of magic regeneration
Stlth   ++           (no ring)
HPRegen 0.26/turn    (no ring)
MPRegen 0.52/turn

%: no passive effects
@: no status effects
A: AC +5, unfitting armour, cold-blooded
a: no special abilities


You were on level 3 of the Dungeon.
You visited 1 branch of the dungeon, and saw 3 of its levels.

You collected 100 gold pieces.

Inventory:

Hand Weapons
 a - a +0 dagger (weapon)
 d - a +0 short sword
Armour
 b - a +0 cloak (worn)
 j - a +0 pair of gloves (worn)
 m - a +2 kite shield
 r - an orb of energy
Jewellery
 e - an amulet of magic regeneration (around neck)
Scrolls
 c - 4 scrolls of identify {unknown}
 g - a scroll of brand weapon {unknown}
 k - a scroll of teleportation {unknown}
 n - a scroll of magic mapping {unknown}
 o - a scroll of blinking {unknown}
 p - a scroll of immolation {unknown}
 q - a scroll of enchant weapon {unknown}
Potions
 f - a potion of magic
 h - a potion of resistance {unknown}
 i - 2 potions of flight {unknown}
 l - 2 potions of might {unknown}


   Skills:
 - Level 1.7 Dodging
 - Level 1.7 Stealth
 - Level 4.0 Spellcasting
 + Level 5.1 Summonings


You had 5 spell levels left.
You knew the following spells:

 Your Spells              Type           Power      Damage    Failure   Level
c - Call Canine Familiar  Summ           20%        N/A       6%          3
g - Summon Guardian Gole  Hex/Summ       12%        N/A       17%         3
m - Summon Small Mammal   Summ           80%        N/A       1%          1

Your spell library contained the following spells:

 Spells                   Type           Power      Damage    Failure   Level
 Call Imp                 Summ           40%        N/A       3%          2
 Summon Lightning Spire   Summ/Air       12%        N/A       50%         4
 Olgreb's Toxic Radiance  Pois           3%         N/A       83%         4
 Discord                  Hex            1%         N/A       100%        8
 Ignition                 Fire           1%         3d3       100%        8


Dungeon Overview and Level Annotations

Branches:
Dungeon (3/15)

Altars:
Elyvilon


Innate Abilities, Weirdness & Mutations

Your plain brown scales are hard. (AC +5)
You cannot fit into any form of body armour.
You are cold-blooded and may be slowed by cold attacks.


Message History

The gnoll hits you from afar with a +0 spear.
What are your orders? t - Shout!
Orders for allies: a - Attack new target. r - Retreat! s - Stop attacking. g - Guard the area. f - Follow me.
Anything else - Cancel.
Gang up on whom?
Press: ? - help, Dir - move target, f - gnoll
Aim: a gnoll, wielding a +0 spear (almost dead, not watching you, ally target) Attack!
Your hound closely misses the gnoll.
The gnoll closely misses your hound.
The gnoll hits you from afar with a +0 spear.
* * * LOW HITPOINT WARNING * * *
You hit the gnoll.
You kill the gnoll!
The gnoll hits you from afar with a +0 spear.
* * * LOW HITPOINT WARNING * * *
Your hound bites the gnoll.
Training target 4.0 for Spellcasting reached!
Your Spellcasting skill increases to level 4!
You need to enable at least one skill for training.
Your hound bites the gnoll.
The gnoll misses you.
You hit the gnoll but do no damage.
The gnoll is heavily wounded.
Your hound bites the gnoll.
The gnoll hits you with a +0 spear.
* * * LOW HITPOINT WARNING * * *
Your hound barely misses the gnoll.
You closely miss the gnoll.
The gnoll is severely wounded.
Your hound disappears in a puff of smoke!
The gnoll barely misses you.
You hit the gnoll but do no damage.
The gnoll is severely wounded.
The gnoll hits you with a +0 spear!
* * * LOW HITPOINT WARNING * * *
Casting: Call Canine Familiar (dangerous; 6% risk of failure)
Confirm with . or Enter, or press ? or * to list all spells.
The gnoll hits you with a +0 spear!
You die...

#.# #.# # #.#
.# .... #.#
.#.## .... #.#
..... .....
#.##.#.# .....
#......#.
......#<)......
#.....#@[h.....
.......g.......
#######)###..##
#..)..#.#
#.......#
#.......#.###
#.......#.#
..........# #
.g.g..!...#


You could see a gnoll (ally target) and a friendly hound (summoned).

Vanquished Creatures
  A gnoll (D:3)
  2 adders (D:2)
  2 dart slugs (D:1)
  3 ball pythons
  4 endoplasms
  A giant cockroach (D:2)
  A hobgoblin (D:1)
  3 quokkas
  3 bats
  2 frilled lizards
  2 goblins
  7 kobolds
  A rat (D:1)
32 creatures vanquished.

Vanquished Creatures (collateral kills)
  4 gnolls
  An adder (D:2)
  4 endoplasms
  2 giant cockroaches
  A goblin (D:1)
  2 hobgoblins (D:2)
  3 quokkas (D:2)
  2 ball pythons (D:1)
  2 bats
  3 frilled lizards (D:2)
  3 rats
27 creatures vanquished.

Vanquished Creatures (others)
  A gnoll (D:2)
1 creature vanquished.

Grand Total: 60 creatures vanquished

Notes
Turn   | Place    | Note
-------+----------+-------------------------------------------
     0 | D:1      | Cheops the Draconian Summoner began the quest for the Orb.
     0 | D:1      | Reached XP level 1. HP: 14/14 MP: 3/3
   236 | D:1      | Reached XP level 2. HP: 17/20 MP: 5/5
   748 | D:1      | Reached XP level 3. HP: 26/26 MP: 5/7
   752 | D:1      | Learned a level 3 spell: Call Canine Familiar
   756 | D:1      | Learned a level 3 spell: Summon Guardian Golem
  1424 | D:2      | Found a white marble altar of Elyvilon.
  1552 | D:2      | Reached skill level 5 in Summonings
  1552 | D:2      | Reached XP level 4. HP: 6/33 MP: 8/8
  2251 | D:2      | Found a white marble altar of Elyvilon.
  2726 | D:3      | Reached XP level 5. HP: 38/38 MP: 10/10
  2740 | D:3      | Slain by a gnoll

Illustrated notes

Levels and vault maps discovered:
D:1:      sevenhm_arrival_forest_fort_small_3, layout_loops_cross,
          chequers_hall_statues_y
D:2:      layout_basic, basic_altar, st_stairs_1, minmay_split_cup_small
D:3:      layout_basic, ebering_ecumenical_altar_sacrificial

Skill      XL: |  1  2  3  4  5 |
---------------+----------------+-----
Spellcasting   | 3 4 |  4.0
Summonings     | 5 |  5.1
Dodging        | |  1.7
Stealth        | |  1.7

Action                     |  1- 3 |  4- 6 || total
---------------------------+-------+-------++-------
  Melee: Short sword       |    33 |       ||    33
         Unarmed           |     8 |       ||     8
         Tailslap          |    17 |     7 ||    24
         Dagger            |    88 |    25 ||   113
   Cast: Summon Small Mamm |    15 |       ||    15
         Call Canine Famil |     8 |     7 ||    15
         Summon Guardian G |       |     1 ||     1
   Stab: Sleeping          |     2 |       ||     2
         Distracted        |     1 |       ||     1
 Armour: Skin              |    53 |     9 ||    62
  Dodge: Dodged            |   105 |    19 ||   124
